 Dungeon Crawl Stone Soup version 0.28.0-43-g3370ac3207 (webtiles) character file.

Game seed: 11375363841071192697

71 funkygono the Magician (level 4, -4/31 HPs)
             Began as a Djinni Fire Elementalist on Mar 1, 2022.
             Slain by a gnoll
             ... wielding a +0 flail
              (6 damage)
             ... on level 2 of the Dungeon.
             The game lasted 00:02:20 (1838 turns).

funkygono the Magician (Djinni Fire Elementalist)   Turns: 1838, Time: 00:02:21

Health: -4/31      AC:  3    Str:  7    XL:     4   Next: 47%
Gold:   106        EV:  6    Int: 18    God:
                   SH:  0    Dex: 14

rFire   + + .      SeeInvis .   e - +2 short sword (venom)
rCold   x . .      Faith    .   (no shield)
rNeg    . . .      Spirit   .   a - +0 robe
rPois   ∞          Reflect  .   (no helmet)
rElec   .          Harm     .   (no cloak)
rCorr   .          Rampage  .   g - +0 pair of gloves
Will    .....                   (boots unavailable)
Stlth   ++........              (no amulet)
HPRegen 0.10/turn               (no ring)
MPRegen 0.00/turn               (no ring)

@: flying, held
A: sickness immunity, fire resistance 2, cold vulnerability 1, float, innate
caster, HP casting, extra vitality 1
a: no special abilities


You were on level 2 of the Dungeon.
You visited 1 branch of the dungeon, and saw 2 of its levels.

You collected 106 gold pieces.

Inventory:

Hand Weapons
 c - a +0 dagger of flaming
 e - a +2 short sword of venom (weapon)
Missiles
 d - 86 stones
Armour
 a - a +0 robe (worn)
 g - a +0 pair of gloves (worn)
Scrolls
 b - a scroll of noise {unknown}
 f - a scroll of fog {unknown}
 h - a scroll of magic mapping {unknown}
 j - a scroll of vulnerability {unknown}
 l - a scroll of immolation {unknown}
 m - 2 scrolls of identify {unknown}
Potions
 i - 2 potions of curing {unknown}
 k - a potion of attraction {unknown}
 n - a potion of berserk rage {unknown}


   Skills:
 + Level 2.3 Dodging
 - Level 1.5 Stealth
 * Level 3.8 Spellcasting


You couldn't memorise any spells.
You knew the following spells:

 Your Spells              Type           Power      Damage    Failure   Level
a - Foxfire               Conj/Fire      68%        2x1d7     3%          1
b - Scorch                Fire           34%        2d6       4%          2
c - Conjure Flame         Conj/Fire      17%        6-21      10%         3
d - Inner Flame           Hex/Fire       17%        N/A       10%         3
e - Flame Wave            Conj/Fire      17%        2d6       30%         4
f - Summon Small Mammal   Summ           68%        N/A       3%          1
Your spell library was empty.

Dungeon Overview and Level Annotations

Branches:
Dungeon (2/15)

Altars:


Innate Abilities, Weirdness & Mutations

You are immune to sickness and miasma.
You are immune to poison.
Your flesh is very heat resistant. (rF++)
You are vulnerable to cold. (rC-)
You float through the air rather than walking.
You learn spells naturally, not from books.
Your magical power is your life essence.
You have superior vitality. (+4 MHP)


Message History

You conjure some foxfire!
The foxfire hits the jackal.
The jackal is heavily wounded.
Casting: Foxfire (safe; 3% risk of failure)
Confirm with . or Enter, or press ? or * to list all spells.
You conjure some foxfire!
The jackal bites you.
Casting: Foxfire (safe; 3% risk of failure)
Confirm with . or Enter, or press ? or * to list all spells.
You conjure some foxfire!
The jackal bites you.
Unknown command.
Casting: Foxfire (safe; 3% risk of failure)
Confirm with . or Enter, or press ? or * to list all spells.
Flames lash the jackal.
You kill the jackal!
Unknown command.
Casting: Scorch (safe; 4% risk of failure)
Confirm with . or Enter, or press ? or * to list all spells.
The gnoll hits you with a +0 flail.
Unknown command.
Casting: Summon Small Mammal (safe; 3% risk of failure)
Confirm with . or Enter, or press ? or * to list all spells.
You conjure some foxfire!
The gnoll hits you with a +0 flail.
* * * LOW HITPOINT WARNING * * *
Casting: Foxfire (safe; 3% risk of failure)
Confirm with . or Enter, or press ? or * to list all spells.
There is not enough space to conjure foxfire!
Casting: Foxfire (safe; 3% risk of failure)
Confirm with . or Enter, or press ? or * to list all spells.
Flames lash the gnoll.
The gnoll is moderately wounded.
The gnoll's fire resistance burns away.
* * * LOW HITPOINT WARNING * * *
The gnoll hits you with a +0 flail.
* * * LOW HITPOINT WARNING * * *
Casting: Scorch (safe; 4% risk of failure)
Confirm with . or Enter, or press ? or * to list all spells.
You don't have enough health to cast this spell.
Unknown command.
Unknown command.
You struggle against the net.
The gnoll hits you with a +0 flail.
You die...

#........†....###...†..#####.
#......###.##..#######....##.
#.......##.#...# ####.§..
#..............## #..####.
#......###.#....# #.......
#......###...#### #.####†.
#########....# #..###..
##.<..P#+#+### #...†..
#..#.r@g...#.# ##..#.#
#.###.P#...#.####...#.# #.#
#..# ..#..#....##.# #.#
#..######.#.##..#.# #.#
#.##....)...###.#.# #.#
#.##..###.### #.#.# #.#
#.##..# #.# #.#.# #.# #.##..#
#.# #.#.# #.#######.#####.#.#


You could see a gnoll (combustible, ally target) and a friendly rat (summoned).

Vanquished Creatures
  3 adders (D:2)
  A worm (D:2)
  A dart slug (D:2)
  2 bats
  6 endoplasms (D:1)
  A goblin (D:1)
  3 hobgoblins (D:2)
  6 jackals
  2 quokkas
  A ball python (D:1)
  4 frilled lizards
  5 kobolds
  4 rats
39 creatures vanquished.

Vanquished Creatures (collateral kills)
  7 foxfires (D:2)
7 creatures vanquished.

Vanquished Creatures (others)
  103 foxfires
  A plant (D:1)
104 creatures vanquished.

Grand Total: 150 creatures vanquished

Notes
Turn   | Place    | Note
-------+----------+-------------------------------------------
     0 | D:1      | funkygono the Djinni Fire Elementalist began the quest for
                  | the Orb.
     0 | D:1      | Reached XP level 1. HP: 15/15 MP: 0/0
    79 | D:1      | Reached XP level 2. HP: 12/21 MP: 0/0
   380 | D:1      | Reached skill level 3 in Spellcasting
   702 | D:1      | Reached XP level 3. HP: 23/25 MP: 0/0
   702 | D:1      | Learned a level 1 spell: Summon Small Mammal
  1180 | D:2      | Found a faded altar of an unknown god.
  1436 | D:2      | Reached XP level 4. HP: 27/31 MP: 0/0
  1838 | D:2      | Slain by a gnoll

Illustrated notes

Levels and vault maps discovered:
D:1:      roderic_octagonal_star, layout_rooms, serial_bayou_pond_a,
          supply_closet_lemuel, roderic_serpentine_path
D:2:      layout_rooms, hellmonk_ecumenical_altar_zigzags, cheibrodos_gnoll_hut

Skill      XL: |  1  2 |
---------------+-------+-----
Spellcasting   | 3 |  3.8
Dodging        | |  2.3
Stealth        | |  1.5

Action                   |  1- 3 |  4- 6 || total
-------------------------+-------+-------++-------
 Cast: Foxfire           |    45 |    17 ||    62
       Scorch            |     4 |     8 ||    12
       Summon Small Mamm |     4 |     2 ||     6
Armor: Robe              |     1 |       ||     1
Dodge: Dodged            |     2 |     1 ||     3
